 Dungeon Crawl Stone Soup version 0.25.1-2-g60ff931df9 (webtiles) character file.

Game seed: 11381577207624664031

92 JakoBeide the Skirmisher (level 4, 0/50 HPs)
             Began as an Ogre Berserker on Nov 18, 2020.
             Was a Believer of Trog.
             Slain by a jackal (1 damage)
             ... on level 3 of the Dungeon.
             The game lasted 00:15:14 (2300 turns).

JakoBeide the Skirmisher (Ogre Berserker)           Turns: 2300, Time: 00:15:15

Health: 0/50       AC:  3    Str: 22    XL:     4   Next: 60%
Magic:  4/4        EV: 10    Int:  8    God:    Trog [**....]
Gold:   58         SH:  0    Dex:  8    Spells: 3/3 levels left

rFire    . . .     SeeInvis .   a - +0 mace
rCold    . . .     Gourm    .   (no shield)
rNeg     . . .     Faith    .   b - +0 animal skin
rPois    .         Spirit   .   (helmet restricted)
rElec    .         Reflect  .   (no cloak)
rCorr    .         Harm     .   (gloves unavailable)
MR       .....                  (boots unavailable)
Stlth    +.........             (no amulet)
HPRegen  0.16/turn              (no ring)
MPRegen  0.09/turn              (no ring)

@: about to teleport, berserk cooldown, slowed, very slow
A: large, unfitting armour, tough skin 1
a: Berserk, Trog's Hand, Renounce Religion


You were on level 3 of the Dungeon.
You worshipped Trog.
Trog was pleased with you.
You were not hungry.

You visited 1 branch of the dungeon, and saw 3 of its levels.

You collected 58 gold pieces.

Inventory:

Hand Weapons
 a - a +0 mace (weapon)
 d - a +0 club
 e - a +0 short sword
 f - a +0 dagger
 g - a +0 short sword
 h - a +0 spear
 k - a cursed -1 club
 l - a +0 mace
 n - a +0 whip
 o - a +0 dagger
 v - a cursed -1 club
 w - a +0 club
 x - a +0 club
 A - a +0 dagger
 C - a +0 trident
 D - a +0 club
Missiles
 B - 23 stones (quivered)
Armour
 b - a +0 animal skin (worn)
 i - a +0 leather armour
 m - a +0 leather armour
 p - a +0 leather armour
 t - a +0 pair of boots
 u - a +0 scale mail
Scrolls
 c - a scroll of enchant armour {unknown}
 j - a scroll of immolation
 q - a scroll of identify
 r - 3 scrolls of teleportation
 s - a scroll of noise
 y - a scroll of amnesia {unknown}
 E - a scroll of fear {unknown}
Potions
 z - 2 potions of haste {unknown}


   Skills:
 + Level 5.1 Fighting
 + Level 3.4 Maces & Flails
 + Level 3.5 Dodging


You had 3 spell levels left.
You didn't know any spells.
Your spell library was empty.

Dungeon Overview and Level Annotations

Branches:
Dungeon (3/15)

Altars:
Cheibriados

Annotations:
D:3 Grinder


Innate Abilities, Weirdness & Mutations

You are too large for most types of armour.
You have tough skin. (AC +1)


Message History

The quokka bites you but does no damage.
The kobold misses you.
The leopard gecko completely misses you.
The jackal barely misses you.
The jackal bites you but does no damage.
The leopard gecko bites you.
* * * LOW HITPOINT WARNING * * *
The quokka bites you.
* * * LOW HITPOINT WARNING * * *
The quokka barely misses you. The leopard gecko closely misses you.
The jackal bites you.
* * * LOW HITPOINT WARNING * * *
The kobold misses you. The jackal bites you.
* * * LOW HITPOINT WARNING * * *
The leopard gecko bites you.
* * * LOW HITPOINT WARNING * * *
The bat hits you.
* * * LOW HITPOINT WARNING * * *
The quokka barely misses you. The jackal bites you.
You die...

#.......... .
##.......(.. #.
#.......[...
.#.. ....%......
....##.......$..
................
......b........
#..r@h......
#..r.K......
#...llh..##.#
#....#.l.?##
.....##.##.#
#.... #.# .#
.... #.# .# ##.
#.. ## #. ...


You could see 2 leopard geckos, 2 quokkas, 2 jackals, a bat, a kobold and a
frilled lizard.

Vanquished Creatures
  3 adders
  An ooze (D:2)
  3 worms
  3 leopard geckos (D:1)
  4 bats
  4 giant cockroaches (D:1)
  6 goblins
  5 hobgoblins
  2 jackals (D:3)
  A quokka (D:2)
  5 frilled lizards
  8 kobolds
  7 rats
52 creatures vanquished.

Notes
Turn   | Place    | Note
-------+----------+-------------------------------------------
     0 | D:1      | JakoBeide the Ogre Berserker began the quest for the Orb.
     0 | D:1      | Reached XP level 1. HP: 24/24 MP: 1/1
   110 | D:1      | Reached XP level 2. HP: 29/32 MP: 2/2
   680 | D:1      | Reached XP level 3. HP: 40/40 MP: 3/3
   789 | D:1      | Reached ** piety under Trog
  1276 | D:2      | Found a snail-covered altar of Cheibriados.
  1589 | D:2      | Reached XP level 4. HP: 46/49 MP: 4/4
  2131 | D:2      | Reached skill level 5 in Fighting
  2285 | D:3      | Noticed Grinder
  2299 | D:3      | HP: 1/50 [leopard gecko (5)]
  2300 | D:3      | Slain by a jackal

Illustrated notes

Levels and vault maps discovered:
D:1:      saegor_arrival_under_anarchy, layout_loops_cross, minmay_circled_x
D:2:      layout_basic, cheibriados_altar_1
D:3:      layout_rooms, portal_sewer_entry_e, first_ration, uniq_jessica,
          uniq_grinder

Skill      XL: |  1  2  3  4 |
---------------+-------------+-----
Dodging        | 3 |  3.5
Maces & Flails | 3 |  3.4
Fighting       | 5 |  5.1

Action                   |  1- 3 |  4- 6 || total
-------------------------+-------+-------++-------
Melee: Mace              |    82 |    59 ||   141
       Spear             |    10 |       ||    10
Invok: Berserk           |       |     2 ||     2
  Use: Scroll            |     3 |     4 ||     7
  Eat: Ration            |     1 |     1 ||     2
Armor: Animal skin       |    56 |    30 ||    86
Dodge: Dodged            |    79 |    78 ||   157
